AoeStats
← 公鸡神探

Black Forest

507052109Analyzed
4v4 RM · 17d ago on Sep 16, 2026· 17m 9s· 8 players
Game mode
Random Map
Map size
Large (8 player)
Population
200
Speed
Normal
Resources
Standard
Victory
Conquest
Starting age
Dark Age
Ending age
Imperial Age
RankedLock teamsTeams togetherTeam positionsShared explorationLock speedFull tech treeHidden civsTurbo modeCheats
Victory
Defeat
🇹🇼 Khmer · Taiwan
1183
+16
🇨🇳 Malay · China
1173
+16
🇨🇳 Persians · China
1138
+18
🇫🇷 Celts · France
1105
+19
🇨🇳 Sicilians · China
1255
-20
🇨🇳 Inca · China
1240
-21
1129
-15
🇨🇳 Turks · China
1078
-13
wouanou
3:23 Loom
12:50 Feudal Age
16:43 Castle Age
15:22 Double-Bit Axe
15:59 Horse Collar
JIANG
0:32 Loom
12:28 Feudal Age
13:37 Horse Collar
17:25 Castle Age
15:39 Double-Bit Axe
17:09 Wheelbarrow
Davidbin
7:10 Loom
7:58 Loom
11:09 Feudal Age
12:31 Double-Bit Axe
12:31 Horse Collar
Lunara
4:41 Loom
10:58 Feudal Age
15:44 Castle Age
14:04 Double-Bit Axe
14:02 Horse Collar
17:03 Bow Saw
无甲的joe
1:08 Loom
9:46 Feudal Age
公鸡神探
0:41 Loom
14:03 Feudal Age
15:09 Double-Bit Axe
15:05 Horse Collar
17:51 Castle Age
叶的第八章
10:44 Feudal Age
14:58 Castle Age
13:08 Double-Bit Axe
13:34 Horse Collar
翻斗花园突破手绫小路
11:43 Feudal Age
12:54 Double-Bit Axe
13:06 Horse Collar
15:41 Castle Age
Connection lost

Rejoining the realm…

Still unreachable

The connection could not be restored.

Session expired

The server has moved on; the page needs a fresh start.